 Dungeon Crawl Stone Soup version 0.28-a0-823-gb444dcf96d (webtiles) character file.

Game seed: 1686672567318832272

102 flyleaff the Insei (level 5, -5/39 HPs)
             Began as a Djinni Transmuter on Nov 10, 2021.
             Slain by a gnoll (6 damage)
             ... on level 2 of the Dungeon.
             The game lasted 00:05:14 (2680 turns).

flyleaff the Insei (Djinni Transmuter)              Turns: 2680, Time: 00:05:15

Health: -5/39      AC:  2    Str:  9    XL:     5   Next: 6%
Gold:   34         EV: 13    Int: 15    God:
                   SH:  0    Dex: 20

rFire   + + .      SeeInvis .   h - +3 dagger (elec)
rCold   x . .      Faith    .   (no shield)
rNeg    . . .      Spirit   .   a - +0 robe
rPois   ∞          Reflect  .   (no helmet)
rElec   .          Harm     .   e - scarf {+Inv}
rCorr   .          Rampage  .   (no gloves)
Will    .....                   (boots unavailable)
Stlth   ++........              (no amulet)
HPRegen 0.13/turn               j - +6 ring of dexterity
MPRegen 0.00/turn               b - ring of wizardry

@: wereblooded, flying
A: sickness immunity, fire resistance 2, cold vulnerability 1, float, innate
caster, hp casting, extra vitality 1
a: Evoke Invisibility


You were on level 2 of the Dungeon.
You visited 1 branch of the dungeon, and saw 2 of its levels.

You collected 34 gold pieces.

Inventory:

Hand Weapons
 h - a +3 dagger of electrocution (weapon)
Missiles
 d - a throwing net
Armour
 a - a +0 robe (worn)
 e - a scarf of invisibility (worn)
Jewellery
 b - a ring of wizardry (right hand)
 j - a +6 ring of dexterity (left hand)
Scrolls
 c - a scroll of immolation
 f - a scroll of brand weapon


   Skills:
 - Level 2.6 Fighting
 + Level 2.2 Armour
 - Level 2.1 Dodging
 - Level 3.0 Unarmed Combat
 - Level 2.4 Spellcasting


You couldn't memorise any spells.
You knew the following spells:

 Your Spells              Type           Power      Damage    Failure   Level
a - Beastly Appendage     Tmut           18%        N/A       3%          1
b - Wereblood             Tmut           9%         N/A       4%          2
c - Spider Form           Tmut/Pois      9%         N/A       9%          3
d - Ice Form              Ice/Tmut       9%         N/A       28%         4
e - Magic Dart            Conj           36%        1d4       3%          1
f - Searing Ray           Conj           18%        2d5       4%          2
Your spell library was empty.

Dungeon Overview and Level Annotations

Branches:
Dungeon (2/15)

Altars:

Shops:
D:1 [


Innate Abilities, Weirdness & Mutations

You are immune to sickness and miasma.
You are immune to poison.
Your flesh is very heat resistant. (rF++)
You are vulnerable to cold. (rC-)
You float through the air rather than walking.
You learn spells naturally, not from books.
Your magical power is your life essence.
You have superior vitality. (+4 HP)


Message History

* * * LOW HITPOINT WARNING * * *
You hit the gnoll.
The gnoll is lightly wounded.
You hit the gnoll. Lightning courses through the gnoll!
You feel a bit better.
You kill the gnoll!
You barely miss the gnoll.
The gnoll is severely wounded.
The gnoll misses you.
You hit the gnoll.
The gnoll is almost dead.
The gnoll barely misses you.
You hit the gnoll.
You feel a bit better.
You kill the gnoll!
Your Armour skill increases to level 2!
You have reached level 5!
The power to cast Searing Ray wells up from within.
Spell assigned to 'f'.
You hit the endoplasm.
The endoplasm is lightly wounded.
The endoplasm freezes you.
You are frozen!
You feel a terrible chill!
* * * LOW HITPOINT WARNING * * *
The gnoll barely misses you.
You hit the endoplasm but do no damage.
The endoplasm is lightly wounded.
The endoplasm misses you. The gnoll completely misses you.
You hit the endoplasm.
Lightning courses through the endoplasm!
You feel a bit better.
You kill the endoplasm!
The gnoll hits you from afar with a +0 spear.
* * * LOW HITPOINT WARNING * * *
The gnoll hits you with a +0 spear.
* * * LOW HITPOINT WARNING * * *
Things that are here:
a +0 club; a +0 club; a gnoll corpse You hit the gnoll.
The gnoll is moderately wounded.
The gnoll hits you with a +0 spear.
You die...

#.##....# #.##....#
#.##....#
####.......# ##
...........# ..#
.......†.### ...#
.......#.# ....#
.......#.####.....#
.......+..)@g......
.......##.###.....#
####+## #.# ....#
#.# #### ... .#. ..
.. .. #.


You could see a gnoll.

Vanquished Creatures
  6 gnolls (D:2)
  3 dart slugs (D:1)
  4 ball pythons
  4 endoplasms
  6 goblins
  A hobgoblin (D:1)
  2 jackals (D:1)
  2 quokkas
  2 bats (D:2)
  3 frilled lizards (D:1)
  4 kobolds
  5 rats
42 creatures vanquished.

Notes
Turn   | Place    | Note
-------+----------+-------------------------------------------
     0 | D:1      | flyleaff the Djinni Transmuter began the quest for the Orb.
     0 | D:1      | Reached XP level 1. HP: 17/17 MP: 0/0
   198 | D:1      | Reached XP level 2. HP: 22/22 MP: 0/0
   679 | D:1      | Found Oderocit's Armour Emporium.
  1076 | D:1      | Reached XP level 3. HP: 28/28 MP: 0/0
  1076 | D:1      | Learned a level 1 spell: Magic Dart
  1877 | D:2      | Reached XP level 4. HP: 8/34 MP: 0/0
  2252 | D:2      | Reached skill level 1 in Armour
  2676 | D:2      | Reached XP level 5. HP: 14/39 MP: 0/0
  2676 | D:2      | Learned a level 2 spell: Searing Ray
  2679 | D:2      | HP: 1/39 [gnoll (6)]
  2680 | D:2      | Slain by a gnoll

Illustrated notes

Levels and vault maps discovered:
D:1:      scummos_arrival_simple_fountains, layout_loops_ring, serial_shops,
          nicolae_shop_behind_doors, roderic_lattice_a
D:2:      layout_basic

Skill      XL: |  1  2  3  4 |
---------------+-------------+-----
Spellcasting   | 2 |  2.4
Fighting       | 2 |  2.6
Armour         | 2 |  2.2
Dodging        | |  2.1
Unarmed Combat | |  3.0

Action                   |  1- 3 |  4- 6 || total
-------------------------+-------+-------++-------
Melee: Unarmed           |    82 |       ||    82
       Punch             |     4 |       ||     4
       Headbutt          |     2 |       ||     2
       Dagger            |    16 |    39 ||    55
 Cast: Beastly Appendage |     8 |       ||     8
       Wereblood         |       |     1 ||     1
  Use: Scroll            |       |     7 ||     7
 Stab: Sleeping          |     2 |       ||     2
Armor: Robe              |    13 |     6 ||    19
Dodge: Dodged            |    45 |    27 ||    72

Table legend: (Time is in decaauts)
 A = Elapsed time spent in this place.
 B = Non-inter-level travel time spent in this place.
 C = Inter-level travel time spent in this place.
 D = Time resting spent in this place.
 E = Time spent auto-exploring this place.
 F = Levels seen in this place.
 G = Mean time per level.
                   A        B        C        D        E       F      G
               +--------+--------+--------+--------+--------+-----+--------+
         Total |   2676 |   2604 |     72 |    252 |   1986 |   2 | 1338.0 |
       Dungeon |   2676 |   2604 |     72 |    252 |   1986 |   2 | 1338.0 |
               +--------+--------+--------+--------+--------+-----+--------+

Top non-repeatable levels by time:
     D:1: 1957 daAuts
     D:2: 718 daAuts
